 Dungeon Crawl Stone Soup version 0.22-a0-305-gd21a89c (webtiles) character file.

3908 Amnesiac the Covert (level 10, -1/46 HPs)
             Began as a Spriggan Gladiator on Mar 31, 2018.
             Was a Believer of Okawaru.
             Slain by a porcupine (13 damage)
             ... on level 8 of the Dungeon.
             The game lasted 00:22:50 (8880 turns).

Amnesiac the Covert (Spriggan Gladiator)            Turns: 8880, Time: 00:22:51

Health: -1/46      AC:  6    Str: 13    XL:     10   Next: 1%
Magic:  0/11       EV: 20    Int: 10    God:    Okawaru [**....]
Gold:   419        SH:  0    Dex: 18    Spells: 9/9 levels left

rFire    + . .     SeeInvis +   b - +1 dagger (elec)
rCold    . . .     Gourm    .   (shield restricted)
rNeg     . . .     Faith    .   i - +1 robe {rF+}
rPois    .         Spirit   +   c - +0 hat
rElec    .         Reflect  .   l - +2 cloak {MR+}
rCorr    .         Harm     .   (gloves unavailable)
MR       ++...                  (boots unavailable)
Stlth    +++++.....             y - amulet of guardian spirit
HPRegen  0.15/turn              (no ring)
MPRegen  0.12/turn              (no ring)

@: very quick
A: very small, unfitting armour, see invisible, herbivore, speed 3, slow
metabolism 2
a: Heroism, Renounce Religion


You were on level 8 of the Dungeon.
You worshipped Okawaru.
Okawaru was pleased with you.
You were not hungry.

You visited 2 branches of the dungeon, and saw 9 of its levels.

You collected 419 gold pieces.

Inventory:

Hand Weapons
 a - a +2 dagger of venom
 b - a +1 dagger of electrocution (weapon)
Missiles
 d - 10 poisoned needles
 g - 282 stones (quivered)
 A - 96 sling bullets
 B - 7 tomahawks
Armour
 c - a +0 hat (worn)
 i - a +1 robe of fire resistance (worn)
 l - a +2 cloak of magic resistance (worn)
 m - a +2 buckler
Jewellery
 s - an uncursed amulet of regeneration
 y - an amulet of guardian spirit (around neck)
Scrolls
 e - 4 scrolls of amnesia {!r}
 h - 4 scrolls of teleportation {!r}
 j - 2 scrolls of identify {!r}
 r - a scroll of remove curse {!r}
 u - 2 scrolls of fear {!r}
 v - 2 scrolls of enchant weapon {!r}
 w - 2 scrolls of magic mapping {!r}
 x - a scroll of fog {!r}
Potions
 k - a potion of heal wounds {!q, unknown}
 n - 2 potions of might {!q}
 o - 2 potions of curing {!q}
 p - 3 potions of haste {!q}
 q - a potion of magic {!q}
 t - a potion of lignification {!q}
 z - 2 potions of berserk rage {!q}
Comestibles
 f - 5 rations


   Skills:
 + Level 1.5 Fighting
 - Level 10.0 Short Blades
 - Level 8.0 Throwing
 + Level 4.4 Dodging
 - Level 10.5 Stealth
 * Level 3.7 Shields


You had 9 spell levels left.
You didn't know any spells.

Dungeon Overview and Level Annotations

Branches:
Dungeon (8/15)             Temple (1/1) D:7            Lair (0/6) D:8

Altars:
Ashenzari
Cheibriados
Dithmenos
Elyvilon
Fedhas
Gozag
Hepliaklqana
Kikubaaqudgha
Makhleb
Nemelex Xobeh
Okawaru
Qazlal
Ru
Sif Muna
Trog
Uskayaw
Vehumet
Wu Jian
Xom
Yredelemnul
Zin
The Shining One

Annotations:
D:8 Maurice


Innate Abilities, Weirdness & Mutations

You are very small and have problems with some larger weapons.
You are too small for most types of armour.
You have supernaturally acute eyesight. (SInv)
You are a herbivore.
You cover ground extremely quickly.
You need to consume almost no food.


Message History

You closely miss the hog. The hog completely misses you.
You hit the hog.
The hog is lightly wounded.
The hog misses you.
You barely miss the hog.
The hog is lightly wounded.
You hit the hog.
The hog is lightly wounded.
The hog closely misses you.
You hit the hog.
The hog is lightly wounded.
The hog bites you.
You hit the hog.
The hog is moderately wounded.
You hit the hog. Lightning courses through the hog!
The hog is severely wounded.
The hog bites you but does no damage.
You barely miss the hog.
The hog is severely wounded.
The hog misses you.
You hit the hog.
The hog is almost dead.
You hit the hog. Lightning courses through the hog!
You kill the hog!
Okawaru accepts your kill.
Training target 3.6 for Shields reached!
You need to enable at least one skill for training.
You have reached level 10!
You feel agile.
You hit the hog.
The hog is lightly wounded.
You barely miss the hog.
The hog is lightly wounded.
The hog closely misses you.
You hit the hog.
The hog is lightly wounded.
The hog closely misses you.
You hit the hog.
The hog is lightly wounded.
You hit the hog. Lightning courses through the hog!
The hog is heavily wounded.
The hog bites you!
* * * LOW HITPOINT WARNING * * *
You hit the hog.
The hog is severely wounded.
The porcupine closely misses you. The hog bites you.
* * * LOW HITPOINT WARNING * * *
You closely miss the hog.
The hog is severely wounded.
You hit the hog.
The hog is severely wounded.
The porcupine bites you but does no damage.
The hog bites you but does no damage.
You hit the hog.
The hog is almost dead.
The hog bites you!
* * * LOW HITPOINT WARNING * * *
The porcupine closely misses you.
You hit the hog.
The hog is almost dead.
You closely miss the hog.
The hog is almost dead.
The hog bites you but does no damage. The porcupine bites you!
You die...

#..............# #######
..#...........## ##.....##
####P..PP...PP## ##.......##
# #.....P..P.P.# #.........#
###...P...P....###.........#
##P..P.P..PP.P..##.........#
##.PP.P####..PP.##.........#
...P...#>)#..P.r##.........#
##....P#(.#..PP.@hh...#######
...P.P.##'#PP...##p...'.../%#
#...P.P.....P...##....#....%#
#<#..P.....P.P.###....###'###
..#.....P.....P# #....#.....#
..##.(.P.P....## #%...#.:h..#
#..###...P.P### ##..†#######
##.......#### ##(....#
###........# #######


You could see 2 hogs, a human and a porcupine.

Vanquished Creatures
  A two-headed ogre (D:8)
  Psyche (D:8)
  A wraith (D:8)
  2 hogs (D:8)
  A porcupine (D:8)
  2 orc warriors
  A hornet zombie (D:7)
  A sky beast (D:7)
  3 black bears
  A phantom (D:5)
  2 ogres
  2 centaurs
  A gnoll sergeant (D:7)
  2 bullfrogs
  3 crimson imps
  2 bullfrog zombies
  A centaur zombie (D:7)
  4 orc priests
  4 hounds
  A jelly (D:8)
  A bullfrog skeleton (D:7)
  2 orc wizards
  3 iguanas
  10 worker ants
  Natasha (thrice) (D:3)
  5 gnolls
  13 adders
  A shadow imp (D:7)
  4 worms
  A leopard gecko (D:6)
  15 orcs
  2 ball pythons
  5 giant cockroaches
  10 hobgoblins
  10 jackals
  3 quokkas
  6 bats
  4 frilled lizards
  5 goblins
  A jackal skeleton (D:4)
  9 kobolds
  A quokka zombie (D:5)
  9 rats
  A fungus (D:6)
160 creatures vanquished.

Notes
Turn   | Place    | Note
-------+----------+-------------------------------------------
     0 | D:1      | Amnesiac the Spriggan Gladiator began the quest for the Orb.
     0 | D:1      | Reached XP level 1. HP: 10/10 MP: 2/2
   115 | D:1      | Reached skill level 1 in Stealth
   507 | D:2      | Reached XP level 2. HP: 14/14 MP: 3/3
   562 | D:3      | Reached XP level 3. HP: 12/18 MP: 4/4
   862 | D:4      | Noticed an orc warrior
   942 | D:4      | Noticed a centaur
  1205 | D:2      | Found a shattered altar of Ashenzari.
  1690 | D:4      | Reached XP level 4. HP: 14/22 MP: 5/5
  1837 | D:4      | Reached skill level 5 in Short Blades
  1837 | D:4      | Reached skill level 5 in Stealth
  1837 | D:4      | Reached XP level 5. HP: 22/25 MP: 6/6
  1875 | D:4      | Killed a centaur
  2085 | D:4      | Noticed an ogre
  2098 | D:4      | Reached XP level 6. HP: 9/30 MP: 7/7
  2295 | D:5      | Entered Level 5 of the Dungeon
  2763 | D:4      | Reached XP level 7. HP: 24/33 MP: 8/8
  4374 | D:7      | Found a staircase to the Ecumenical Temple.
  4416 | D:7      | Reached XP level 8. HP: 35/37 MP: 9/9
  4447 | Temple   | Entered the Ecumenical Temple
  4488 | Temple   | Became a worshipper of Warmaster Okawaru
  6114 | D:3      | Noticed Natasha
  6125 | D:3      | Killed Natasha
  6253 | D:3      | Noticed Natasha
  6264 | D:3      | Killed Natasha
  6309 | D:3      | Noticed Natasha
  6331 | D:3      | Killed Natasha
  6331 | D:3      | Reached skill level 10 in Short Blades
  6519 | D:4      | Reached skill level 10 in Stealth
  7178 | D:7      | Reached * piety under Okawaru
  7201 | D:7      | Reached XP level 9. HP: 39/41 MP: 5/10
  7589 | D:8      | Reached skill level 5 in Throwing
  7601 | D:8      | Noticed a two-headed ogre
  7759 | D:8      | Killed a two-headed ogre
  7759 | D:8      | Reached ** piety under Okawaru
  7826 | D:8      | Noticed Maurice
  8491 | D:8      | Noticed Psyche
  8513 | D:8      | Killed Psyche
  8783 | D:8      | Found a staircase to the Lair.
  8869 | D:8      | Reached XP level 10. HP: 25/46 MP: 6/11
  8880 | D:8      | Slain by a porcupine

Vault maps used:
D:1:      tarquinn_simple_flora_water_f
D:2:      evilmike_ruin_ashenzari, first_ration
D:3:      uniq_natasha
D:4:      minivault_24, minmay_stone_trees_small, minivault_27,
          nicolae_underground_beach
D:6:      minmay_misc_feat_roman, roderic_serpentine_path,
          minmay_gold_behind_fungi, zaba_anthole, columned_hall_lemuel
D:7:      minmay_temple_entry_statues_fountains, minmay_misc_feat_five
D:8:      grunt_lair_entry_orc_guard_hut, grunt_livestock,
          minmay_misc_feat_square, uniq_maurice, uniq_psyche, uniq_erica
Temple:   kilobyte_greek_temple

Skill      XL: |  1  2  3  4  5  6  7  8  9 |
---------------+----------------------------+-----
Stealth        | 3 4 5 6 7 8 10 | 10.5
Short Blades   | 4 5 6 7 8 10 | 10.0
Throwing       | 4 8 |  8.0
Shields        | 3 |  3.7
Fighting       | |  1.5
Dodging        | |  4.4

Action                   |  1- 3 |  4- 6 |  7- 9 | 10-12 || total
-------------------------+-------+-------+-------+-------++-------
Melee: Rapier            |    63 |       |       |       ||    63
       Dagger            |    11 |    64 |   553 |    11 ||   639
Throw: Throwing net      |       |       |     4 |       ||     4
  Use: Scroll            |     7 |     6 |     5 |       ||    18
       Potion            |       |       |     1 |       ||     1
 Stab: Sleeping          |     6 |       |    13 |       ||    19
       Distracted        |     1 |     1 |     6 |       ||     8
       Held in net/web   |       |       |     4 |       ||     4
  Eat: Ration            |       |       |     4 |       ||     4
Armor: Robe              |     7 |     3 |    55 |     3 ||    68
Dodge: Dodged            |    71 |    46 |   343 |     4 ||   464

Table legend:
 A = Spawn XP
 B = Non-spawn XP
 C = Spawn XP percentage of total XP
 D = Spawn monster count
 E = Non-spawn monster count
 F = Spawn count percentage of total count
 G = Total turns spent on level
                    A         B        C        D         E        F      G
               +---------+---------+-------+---------+---------+-------+---------
         Total |       0 |    5583 |   0.0 |       0 |     159 |   0.0 |  8880
               +---------+---------+-------+---------+---------+-------+---------
           D:1 |       0 |      33 |   0.0 |       0 |      15 |   0.0 |   839
           D:2 |       0 |      71 |   0.0 |       0 |      17 |   0.0 |  1113
           D:3 |       0 |     349 |   0.0 |       0 |      44 |   0.0 |  1233
           D:4 |       0 |     643 |   0.0 |       0 |      16 |   0.0 |  1526
           D:5 |       0 |     378 |   0.0 |       0 |      11 |   0.0 |  1134
           D:6 |       0 |     480 |   0.0 |       0 |      20 |   0.0 |  1295
           D:7 |       0 |    1098 |   0.0 |       0 |      24 |   0.0 |  1291
           D:8 |       0 |    2531 |   0.0 |       0 |      12 |   0.0 |   369
               +---------+---------+-------+---------+---------+-------+---------
